 Dungeon Crawl Stone Soup version 0.29-a0-378-gc08b2e8bf8 (webtiles) character file.

Game seed: 12438286847181350369

15024 Antichthon the Basher (level 12, 0/75 HPs)
             Began as a Gargoyle Fighter on May 5, 2022.
             Was an Elder of Zin.
             Slain by an orc warrior
             ... wielding a +0 trident
              (13 damage)
             ... on level 11 of the Dungeon.
             The game lasted 00:25:22 (16054 turns).

Antichthon the Basher (Gargoyle Fighter)           Turns: 16054, Time: 00:25:23

Health: 0/75       AC: 27    Str: 22    XL:     12   Next: 22%
Magic:  17/17      EV:  8    Int: 18    God:    Zin [****..]
Gold:   588        SH:  0    Dex:  9    Spells: 11/11 levels left

rFire   . . .      SeeInvis .   a - -1 eveningstar
rCold   . . .      Faith    .   c - +0 buckler
rNeg    + . .      Spirit   .   s - +0 plate armour
rPois   ∞          Reflect  .   i - +0 helmet
rElec   +          Harm     .   x - +0 cloak
rCorr   .          Rampage  .   (no gloves)
Will    +....                   b - +0 pair of boots
Stlth   ..........              (no amulet)
HPRegen 0.22/turn               n - +6 ring of intelligence
MPRegen 0.15/turn               G - ring of willpower

@: confused, ambrosia-drunk
A: sickness immunity, AC +8, negative energy resistance 1, electricity
resistance, torment resistance 1, petrification resistance
a: Renounce Religion, Recite, Vitalisation, Imprison, Donate Gold


You were on level 11 of the Dungeon.
You worshipped Zin.
Zin was greatly pleased with you.
You visited 2 branches of the dungeon, and saw 12 of its levels.
You also visited: Bailey.

You collected 653 gold pieces.
You donated 65 gold pieces to Zin.

Inventory:

Hand Weapons
 a - a -1 eveningstar (weapon)
 C - a +3 flail of protection
Missiles
 y - a throwing net (quivered)
Armour
 b - a +0 pair of boots (worn)
 c - a +0 buckler (worn)
 i - a +0 helmet (worn)
 s - a +0 plate armour (worn)
 x - a +0 cloak (worn)
Jewellery
 n - a +6 ring of intelligence (left hand)
 G - a ring of willpower (right hand)
Wands
 k - a wand of paralysis (3)
 u - a wand of iceblast (19)
 v - a wand of polymorph (13)
 w - a wand of digging (7)
Scrolls
 g - 2 scrolls of fog
 l - a scroll of vulnerability
 A - 2 scrolls of magic mapping
 B - 3 scrolls of teleportation
 H - a scroll of immolation
Potions
 d - 2 potions of might
 e - a potion of haste
 f - a potion of berserk rage
 h - 3 potions of invisibility
 j - 3 potions of resistance
 o - 3 potions of flight
 p - a potion of magic {unknown}
 q - 2 potions of brilliance
 r - 2 potions of lignification
 t - 2 potions of attraction
 z - a potion of cancellation
 E - 6 potions of ambrosia


   Skills:
 * Level 8.7 Fighting
 * Level 12.1 Maces & Flails
 * Level 9.6 Armour
 * Level 5.0 Dodging
 * Level 7.9 Shields
 * Level 6.8 Invocations


You had 11 spell levels left.
You didn't know any spells.
Your spell library contained the following spells:

 Spells                   Type           Power      Damage    Failure   Level
 Blink                    Tloc           0%         N/A       99%         2
 Conjure Flame            Conj/Fire      0%         6-21      100%        3
 Gell's Gravitas          Tloc           0%         N/A       100%        3
 Ignite Poison            Fire/Tmut/Pois 0%         N/A       100%        3
 Lesser Beckoning         Tloc           0%         N/A       100%        3
 Teleport Other           Tloc           0%         N/A       100%        3
 Tukima's Dance           Hex            0%         N/A       100%        3
 Passage of Golubria      Tloc           0%         N/A       100%        4
 Sticky Flame             Conj/Fire      0%         2d3       100%        4
 Manifold Assault         Tloc           0%         N/A       100%        5
 Yara's Violent Unravell  Hex/Tmut       0%         3d3       100%        5
 Dispersal                Tloc           0%         N/A       100%        6


Dungeon Overview and Level Annotations

Branches:
Dungeon (11/15)            Temple (1/1) D:7            Lair (0/6) D:8
 Bailey (visited)
    Orc: D:9-12

Altars:
Ashenzari
Cheibriados
Dithmenos
Elyvilon
Fedhas
Gozag
Hepliaklqana
Kikubaaqudgha
Makhleb
Nemelex Xobeh
Okawaru
Qazlal
Ru
Sif Muna
Trog
Uskayaw
Vehumet
Wu Jian
Xom
Yredelemnul
Zin
The Shining One

Annotations:
D:6 2 runed translucent doors, Crazy Yiuf; samgaumpmail's ghost, novice DDEE


Innate Abilities, Weirdness & Mutations

You are immune to sickness and miasma.
Your stone body is resilient. (AC +8)
You are immune to poison.
You resist negative energy. (rN+)
You are resistant to electric shocks. (rElec)
You are resistant to unholy torment.
You are immune to petrification.


Message History

You block the orc warrior's attack.
The orc warrior hits you but does no damage.
You closely miss the orc warrior.
The orc warrior is heavily wounded.
The orc warrior hits you but does no damage.
The orc warrior barely misses you.
You hit the orc warrior but do no damage.
The orc warrior is heavily wounded.
The orc warrior hits you from afar with a +0 trident.
* * * LOW HITPOINT WARNING * * *
The orc warrior hits you with a +0 trident!
* * * LOW HITPOINT WARNING * * *
You completely miss the orc warrior.
The orc warrior is heavily wounded.
The orc warrior throws a stone.
The stone hits you but does no damage. You block the orc warrior's attack.
You hit the orc warrior.
The orc warrior is heavily wounded.
The orc warrior barely misses you.
The orc warrior throws a stone.
The stone hits you.
* * * LOW HITPOINT WARNING * * *
Unknown command.
The orc warrior barely misses you.
The orc warrior hits you but does no damage.
The orc warrior throws a stone.
You block the stone.
Items here: ) [ ††.
The orc warrior hits you from afar with a +0 trident.
* * * LOW HITPOINT WARNING * * *
Things that are here:
a +0 short sword of electrocution; a +0 scale mail; an orc corpse The orc warrior throws a stone.
The stone closely misses you.
Items here: ( ))) [[ †.
You are confused.
You feel invigorated.
The orc warrior hits you from afar with a +0 trident!
* * * LOW HITPOINT WARNING * * *
The orc warrior hits you but does no damage.
The orc warrior closely misses you.
The orc warrior hits you from afar with a +0 trident!
You die...

#######....#
...........# .....#
...........# .....###
...#####+#.# ........
...#.....#.######.......
...#.....#......#.....
...'.....#......#...
...#.....#....o.#'####
...#.....#.[).o.@)...#
...#.....#..##########
...#######o.# 8##
............#...#..
##.................
.#.........).......
.#.........#.......
.'....#######...#..
.#....#.>...##8##


8 You could see 2 orc warriors.

Vanquished Creatures
  2 vault guards (Bailey)
  A two-headed ogre (D:9)
  A tengu warrior (D:10)
  An unseen horror (D:9)
  Maggie (D:8)
  A tengu conjurer (D:11)
  A queen bee (D:9)
  2 hornets (D:10)
  Grinder (D:4)
  Prince Ribbit (Bailey)
  Sigmund (D:6)
  2 wraiths
  3 wyverns
  14 yaks
  4 humans (Bailey)
  3 wargs
  6 steam dragons
  An acid dragon (D:11)
  Duvessa (D:4)
  An ice beast (D:6)
  A sky beast (D:7)
  An ogre (D:5)
  3 orc warriors
  A hornet zombie (D:8)
  2 black bears
  6 centaurs
  2 phantoms
  Blork the orc (D:6)
  3 kobold brigands
  8 bullfrogs
  6 scorpions
  7 necrophages
  A gnoll sergeant (D:7)
  8 wights (D:8)
  Dowan (D:4)
  32 killer bees
  3 howler monkeys
  3 centaur zombies (D:8)
  A hound (D:5)
  9 orc priests
  3 iguanas
  Ijyb (D:4)
  9 orc wizards
  2 mummies (D:8)
  A howler monkey zombie (D:8)
  11 adders
  9 gnolls
  2 shadow imps
  An ufetubus (D:5)
  5 worms
  7 dart slugs
  26 orcs
  6 ball pythons
  5 endoplasms
  4 giant cockroaches
  13 goblins
  4 hobgoblins
  11 jackals
  4 quokkas
  14 bats
  7 frilled lizards
  17 kobolds
  5 rats
314 creatures vanquished.

Vanquished Creatures (others)
  An orc (D:7)
  5 fungi (D:6)
  2 plants (D:8)
  2 withered plants (D:8)
10 creatures vanquished.

Grand Total: 324 creatures vanquished

Notes
Turn   | Place    | Note
-------+----------+-------------------------------------------
     0 | D:1      | Antichthon the Gargoyle Fighter began the quest for the
                  | Orb.
     0 | D:1      | Reached XP level 1. HP: 14/14 MP: 1/1
    29 | D:1      | You fall into a shaft and drop 1 floor!
    41 | D:2      | Reached XP level 2. HP: 19/19 MP: 2/2
   312 | D:2      | Reached XP level 3. HP: 23/23 MP: 3/3
  1049 | D:1      | Reached skill level 1 in Invocations
  1187 | D:1      | Reached XP level 4. HP: 29/29 MP: 4/4
  2322 | D:3      | Reached skill level 3 in Maces & Flails
  2454 | D:3      | Reached XP level 5. HP: 26/33 MP: 5/5
  2778 | D:3      | Reached skill level 1 in Dodging
  2789 | D:3      | Noticed a phantom
  2814 | D:3      | Killed a phantom
  2815 | D:3      | Reached XP level 6. HP: 38/38 MP: 7/7
  2846 | D:3      | Reached skill level 4 in Maces & Flails
  3439 | D:4      | Identified the +1 trident "Enky" {holy, Int+6}
  3527 | D:4      | Noticed Ijyb
  3548 | D:4      | Killed Ijyb
  3549 | D:4      | Reached XP level 7. HP: 34/44 MP: 8/8
  4106 | D:4      | Noticed Grinder
  4139 | D:4      | Killed Grinder
  4140 | D:4      | Reached skill level 5 in Maces & Flails
  4386 | D:4      | Noticed Duvessa
  4386 | D:4      | Noticed Dowan
  4420 | D:4      | Killed Duvessa
  4421 | D:4      | Reached skill level 5 in Armour
  4438 | D:4      | Killed Dowan
  4762 | D:5      | Entered Level 5 of the Dungeon
  4768 | D:5      | Reached XP level 8. HP: 48/48 MP: 8/10
  4861 | D:5      | Reached skill level 6 in Maces & Flails
  5595 | D:5      | Reached skill level 5 in Fighting
  5614 | D:5      | Reached skill level 5 in Shields
  6397 | D:6      | Noticed Sigmund
  6413 | D:6      | Killed Sigmund
  6414 | D:6      | Reached skill level 7 in Maces & Flails
  6527 | D:6      | Reached XP level 9. HP: 40/54 MP: 11/11
  6785 | D:6      | Found a runed translucent door.
  6969 | D:6      | Noticed Blork the orc
  6989 | D:6      | Killed Blork the orc
  7120 | D:6      | Found a runed translucent door.
  7121 | D:6      | Noticed Crazy Yiuf
  7427 | D:6      | Noticed samgaumpmail's ghost (novice DDEE)
  7639 | D:7      | Found a staircase to the Ecumenical Temple.
  7659 | Temple   | Entered the Ecumenical Temple
  7954 | Temple   | Became a worshipper of Zin the Law-Giver
  7954 | Temple   | Reached * piety under Zin
  7985 | D:7      | Reached skill level 8 in Maces & Flails
  8022 | D:7      | Reached ** piety under Zin
  8403 | D:7      | Reached *** piety under Zin
  9186 | D:8      | Found a staircase to the Lair.
  9230 | D:7      | Reached XP level 10. HP: 42/61 MP: 13/13
  9350 | D:7      | Reached skill level 9 in Maces & Flails
  9851 | D:8      | Noticed Maggie
  9865 | D:8      | Killed Maggie
  9866 | D:8      | Reached skill level 5 in Invocations
 10127 | D:8      | Found a shadowy altar of Dithmenos.
 11344 | D:9      | Found a flagged portal.
 11355 | Bailey   | Entered a bailey
 11582 | Bailey   | Reached skill level 10 in Maces & Flails
 11589 | Bailey   | HP: 2/63 [human/+2 vorpal hand axe (11)]
 11857 | Bailey   | Reached XP level 11. HP: 61/67 MP: 15/15
 11891 | Bailey   | Noticed a vault guard
 11891 | Bailey   | Noticed Prince Ribbit
 11918 | Bailey   | Killed Prince Ribbit
 11922 | Bailey   | Killed a vault guard
 12061 | Bailey   | Noticed a vault guard
 12097 | Bailey   | Killed a vault guard
 12321 | Bailey   | Reached **** piety under Zin
 13021 | D:9      | HP: 3/68 [killer bee (6)]
 13021 | D:9      | HP: 1/68 [killer bee (2)]
 13447 | D:9      | Reached skill level 11 in Maces & Flails
 13536 | D:9      | Noticed a two-headed ogre
 13546 | D:9      | Killed a two-headed ogre
 14517 | D:10     | Entered Level 10 of the Dungeon
 15064 | D:10     | Reached XP level 12. HP: 56/75 MP: 16/16
 15568 | D:11     | Noticed a tengu warrior
 15597 | D:10     | Killed a tengu warrior
 15598 | D:10     | Reached skill level 12 in Maces & Flails
 15598 | D:10     | Reached skill level 5 in Dodging
 16054 | D:11     | Slain by an orc warrior

Illustrated notes

Levels and vault maps discovered:
D:1:      lemuel_arrival_funnel, layout_basic, serial_corexii_hall,
          corexii_hall_statues_deadend, chequers_hall_statues_y,
          hangedman_abyss_or_decor_lesser_grid, st_stairs_5,
          nrook_loot_triangle, minmay_misc_feat_alley
D:2:      layout_basic
D:3:      layout_basic
D:4:      layout_cave_pods, hangedman_decor_points, uniq_grinder, uniq_ijyb,
          uniq_duvessa
D:5:      layout_loops_corners
D:6:      old_forge, layout_basic, ebering_ghost_sewer_d,
          uniq_crazy_yiuf_cottage, uniq_sigmund, uniq_blork_the_orc
D:7:      layout_cave_pods, minmay_temple_entry_junction
D:8:      layout_cave_pools, kennysheep_little_box, erik_lair_orcish_takeover,
          serial_undead, serial_undead_a, serial_undead_a, serial_undead_e,
          serial_undead_c, serial_undead_f, serial_undead_f, serial_undead_d,
          nicolae_concentric_dashed_squares_wild, uniq_maggie
D:9:      layout_basic, special_room [special_room_bee], enter_bailey_5,
          ebering_dispersal_statue_hall, serial_park_tiny_1
D:10:     layout_basic
D:11:     layout_irregular_city, david_orc_4, serial_glass, glass_columns_b,
          glass_columns_a, glass_columns_b, glass_columns_b, glass_columns_c,
          glass_columns_a
Temple:   regret_index_temple_sigil_plot

Skill      XL: |  1  2  3  4  5  6  7  8  9 10 11 12 |
---------------+-------------------------------------+-----
Invocations    | 1 2 3 4 5 6 |  6.8
Maces & Flails | 3 4 5 7 8 10 11 12 | 12.1
Armour         | 4 5 6 7 8 9 |  9.6
Shields        | 4 5 6 7 |  7.9
Dodging        | 1 2 3 4 5 |  5.0
Fighting       | 4 5 6 7 8 |  8.7

Action                   |  1- 3 |  4- 6 |  7- 9 | 10-12 || total
-------------------------+-------+-------+-------+-------++-------
Melee: Flail             |   142 |   217 |   464 |   394 ||  1217
       Eveningstar       |       |       |       |   475 ||   475
Evoke: Wand              |       |       |       |     1 ||     1
  Use: Scroll            |     4 |     7 |     8 |     8 ||    27
       Potion            |       |       |     2 |    15 ||    17
Armor: Scale mail        |   127 |   129 |   297 |       ||   553
       Chain mail        |       |       |       |   361 ||   361
       Plate armour      |       |       |       |   423 ||   423
Dodge: Dodged            |   118 |   102 |   262 |   375 ||   857
Block: Buckler           |    52 |    58 |    98 |   259 ||   467

Table legend: (Time is in decaauts)
 A = Elapsed time spent in this place.
 B = Non-inter-level travel time spent in this place.
 C = Inter-level travel time spent in this place.
 D = Time resting spent in this place.
 E = Time spent auto-exploring this place.
 F = Levels seen in this place.
 G = Mean time per level.
                   A        B        C        D        E       F      G
               +--------+--------+--------+--------+--------+-----+--------+
         Total |  16147 |  15554 |    593 |   2106 |   9573 |  13 | 1242.1 |
       Dungeon |  14817 |  14243 |    574 |   1454 |   9276 |  11 | 1347.0 |
        Temple |    304 |    285 |     19 |      0 |    267 |   1 |  304.0 |
        Bailey |   1025 |   1025 |      0 |    652 |     30 |   1 | 1025.0 |
               +--------+--------+--------+--------+--------+-----+--------+

Top non-repeatable levels by time:
     D:7: 2005 daAuts
     D:9: 1720 daAuts
     D:8: 1718 daAuts
     D:6: 1511 daAuts
     D:4: 1482 daAuts
     D:5: 1451 daAuts
    D:10: 1336 daAuts
     D:1: 1248 daAuts
     D:2: 1107 daAuts
     D:3: 1043 daAuts
  Bailey: 1025 daAuts
  Temple: 304 daAuts
    D:11: 190 daAuts
